 Dungeon Crawl Stone Soup version 0.28-a0-1505-g8c907de6ad (webtiles) character file.

Game seed: 13140222663668146728

94 funkygono the Firebug (level 4, -1/30 HPs)
             Began as a Human Fire Elementalist on Jan 13, 2022.
             Slain by an iguana (12 damage)
             ... on level 3 of the Dungeon.
             The game lasted 00:03:20 (1939 turns).

funkygono the Firebug (Human Fire Elementalist)     Turns: 1939, Time: 00:03:20

Health: -1/30      AC:  3    Str:  9    XL:     4   Next: 94%
Magic:  0/8        EV: 11    Int: 17    God:
Gold:   59         SH:  0    Dex: 13    Spells: 3/9 levels left

rFire   . . .      SeeInvis .   j - +1 dagger (freeze)
rCold   . . .      Faith    .   (no shield)
rNeg    . . .      Spirit   .   d - +0 leather armour
rPois   .          Reflect  .   (no helmet)
rElec   .          Harm     .   (no cloak)
rCorr   +          Rampage  .   (no gloves)
Will    .....                   (no boots)
Stlth   ++........              (no amulet)
HPRegen 0.10/turn               f - ring of resist corrosion
MPRegen 0.11/turn               (no ring)

@: no status effects
A: no striking features
a: no special abilities


You were on level 3 of the Dungeon.
You visited 1 branch of the dungeon, and saw 3 of its levels.

You collected 59 gold pieces.

Inventory:

Hand Weapons
 c - a +0 dagger
 j - a +1 dagger of freezing (weapon)
Missiles
 b - 96 stones
Armour
 a - a +0 robe
 d - a +0 leather armour (worn)
Jewellery
 f - a ring of resist corrosion (left hand)
 h - an amulet of faith
 m - an amulet of reflection
Scrolls
 g - 2 scrolls of teleportation {unknown}
 k - a scroll of summoning {unknown}
 l - a scroll of enchant armour {unknown}
 n - 3 scrolls of immolation {unknown}
Potions
 e - a potion of curing {unknown}
 i - a potion of degeneration {unknown}


   Skills:
 + Level 0.5 Armour
 + Level 2.1 Dodging
 - Level 2.0 Stealth
 * Level 3.2 Spellcasting
 * Level 1.6 Conjurations
 * Level 3.9 Fire Magic


You had 3 spell levels left.
You knew the following spells:

 Your Spells              Type           Power      Damage    Failure   Level
a - Foxfire               Conj/Fire      48%        2x1d6     8%          1
b - Scorch                Fire           32%        2d6       7%          2
c - Conjure Flame         Conj/Fire      12%        6-21      22%         3

Your spell library contained the following spells:

 Spells                   Type           Power      Damage    Failure   Level
 Summon Small Mammal      Summ           8%         N/A       24%         1
 Inner Flame              Hex/Fire       9%         N/A       30%         3
 Call Canine Familiar     Summ           2%         N/A       56%         3
 Gell's Gravitas          Tloc           2%         N/A       56%         3
 Lesser Beckoning         Tloc           2%         N/A       56%         3
 Summon Guardian Golem    Hex/Summ       2%         N/A       56%         3
 Teleport Other           Tloc           2%         N/A       56%         3
 Flame Wave               Conj/Fire      12%        2d5       58%         4


Dungeon Overview and Level Annotations

Branches:
Dungeon (3/15)

Altars:


Message History

Confirm with . or Enter, or press ? or * to list all spells.
You conjure some foxfire!
The kobold hits you with a +0 club.
The foxfire hits the kobold.
The kobold is severely wounded.
The foxfire hits the kobold.
You kill the kobold!
The foxfire hits the iguana but does no damage.
Your magical contamination has completely faded away.
You see here 15 bolts.
Casting: Foxfire (safe; 8% risk of failure)
Confirm with . or Enter, or press ? or * to list all spells.
You conjure some foxfire!
Casting: Foxfire (safe; 8% risk of failure)
Confirm with . or Enter, or press ? or * to list all spells.
You conjure some foxfire!
The foxfire hits the iguana.
The iguana is lightly wounded.
The foxfire hits the iguana.
The iguana is heavily wounded.
The iguana bites you!
Casting: Foxfire (safe; 8% risk of failure)
Confirm with . or Enter, or press ? or * to list all spells.
Flames lash the iguana but do no damage.
The foxfire hits the iguana but does no damage.
The iguana is heavily wounded.
The foxfire hits the iguana.
The iguana is severely wounded.
The iguana bites you!
Casting: Scorch (safe; 7% risk of failure)
Confirm with . or Enter, or press ? or * to list all spells.
Flames lash the iguana.
The iguana is severely wounded.
The iguana's fire resistance burns away.
The iguana hisses menacingly.
The iguana closely misses you.
Casting: Scorch (safe; 7% risk of failure)
Confirm with . or Enter, or press ? or * to list all spells.
You conjure some foxfire!
The iguana is no longer more vulnerable to fire.
The iguana bites you!
You die...

##).#.#...
###.........
####.......#.#.
..##+##...(####......
........#### .##.##
.....##.# .. ..
.######.### ## .
#..l..# #..@v.#
#...v.# #.....#
###†####.# #......#
######..#####
........#####
######......#
######.# ###


You could see an iguana (ally target).

Vanquished Creatures
  5 adders
  A dart slug (D:2)
  3 ball pythons (D:2)
  2 endoplasms (D:2)
  3 giant cockroaches
  3 goblins
  5 hobgoblins
  5 jackals (D:1)
  6 kobolds
  4 quokkas
  4 bats
  A frilled lizard (D:2)
  A rat (D:1)
43 creatures vanquished.

Vanquished Creatures (others)
  127 foxfires
127 creatures vanquished.

Grand Total: 170 creatures vanquished

Notes
Turn   | Place    | Note
-------+----------+-------------------------------------------
     0 | D:1      | funkygono the Human Fire Elementalist began the quest for
                  | the Orb.
     0 | D:1      | Reached XP level 1. HP: 13/13 MP: 3/3
   300 | D:1      | Reached XP level 2. HP: 19/19 MP: 3/5
   311 | D:1      | Learned a level 2 spell: Scorch
   772 | D:2      | Reached XP level 3. HP: 24/24 MP: 4/6
   776 | D:2      | Learned a level 3 spell: Conjure Flame
  1136 | D:2      | Reached XP level 4. HP: 30/30 MP: 3/7
  1640 | D:2      | Found a faded altar of an unknown god.
  1939 | D:3      | Slain by an iguana

Illustrated notes

Levels and vault maps discovered:
D:1:      tarquinn_simple_flora_water_f, layout_rooms
D:2:      layout_rooms, shapermc_ecumenical_altar_totnotflames
D:3:      layout_basic, minivault_26, minmay_divided_ellipse

Skill      XL: |  1  2  3  4 |
---------------+-------------+-----
Spellcasting   | 3 |  3.2
Armour         | |  0.5
Dodging        | |  2.1
Stealth        | |  2.0
Conjurations   | |  1.6
Fire Magic     | |  3.9

Action                   |  1- 3 |  4- 6 || total
-------------------------+-------+-------++-------
Melee: Dagger            |     5 |     1 ||     6
 Cast: Foxfire           |    46 |    31 ||    77
       Scorch            |     2 |     4 ||     6
Armor: Leather armour    |     6 |     4 ||    10
Dodge: Dodged            |    16 |     5 ||    21

Table legend: (Time is in decaauts)
 A = Elapsed time spent in this place.
 B = Non-inter-level travel time spent in this place.
 C = Inter-level travel time spent in this place.
 D = Time resting spent in this place.
 E = Time spent auto-exploring this place.
 F = Levels seen in this place.
 G = Mean time per level.
                   A        B        C        D        E       F      G
               +--------+--------+--------+--------+--------+-----+--------+
         Total |   1938 |   1918 |     20 |     58 |   1508 |   3 |  646.0 |
       Dungeon |   1938 |   1918 |     20 |     58 |   1508 |   3 |  646.0 |
               +--------+--------+--------+--------+--------+-----+--------+

Top non-repeatable levels by time:
     D:2: 1015 daAuts
     D:1: 781 daAuts
     D:3: 141 daAuts
